 Dungeon Crawl Stone Soup version 0.19.3-4-gbf9329e (webtiles) character file.

64 Alarkh the Chopper (level 3, -1/27 HPs)
             Began as a Demonspawn Skald on Jan 28, 2017.
             Slain by Ijyb
             ... wielding a +7 club
              (4 damage)
             ... on level 2 of the Dungeon.
             The game lasted 00:01:34 (1195 turns).

Alarkh the Chopper (Demonspawn Skald)               Turns: 1195, Time: 00:01:35

Health: -1/27      AC:  4    Str: 12    XL:     3   Next: 91%
Magic:  5/6        EV: 11    Int: 14    God:
Gold:   14         SH:  0    Dex: 12    Spells: 1 memorised, 5 levels left

rFire  . . .     SeeInvis .     a - +0 hand axe
rCold  + . .     Gourm    .     b - +0 leather armour
rNeg   . . .     Faith    .     (no shield)
rPois  .         Spirit   .     (no helmet)
rElec  .         Reflect  .     o - +0 cloak
rCorr  .         Harm     .     (no gloves)
MR     .....                    (no boots)
Stlth  +.........               (no amulet)
                                (no ring)
                                (no ring)

@: infused (expiring)
A: cold resistance 1, powered by death 1
a: no special abilities


You were on level 2 of the Dungeon.
You were hungry.

You visited 1 branch of the dungeon, and saw 2 of its levels.

You collected 14 gold pieces.

Inventory:

Hand Weapons
 a - a +0 hand axe (weapon)
Armour
 b - a +0 leather armour (worn)
 o - a +0 cloak (worn)
Scrolls
 e - a scroll of identify
 h - 2 scrolls of recharging
 l - 2 scrolls of fear {unknown}
 m - a scroll of remove curse {unknown}
Potions
 f - a potion of lignification
 i - 3 potions of curing {unknown}
 j - a potion of flight {unknown}
 k - a potion of brilliance {unknown}
Books
 c - a book of Battle

   Spells                             Type                      Level
   a - Infusion                       Charms                       1
   b - Shroud of Golubria             Charms/Translocation         2
   c - Song of Slaying                Charms                       2
   d - Spectral Weapon                Hexes/Charms                 3
   e - Regeneration                   Charms/Necromancy            3
Comestibles
 d - 2 bread rations
 g - 2 meat rations
 n - 5 chunks of flesh
 p - a beef jerky


   Skills:
 - Level 2.0 Fighting
 + Level 3.9 Axes
 - Level 0.8 Armour
 - Level 0.8 Dodging
 - Level 2.0 Spellcasting
 - Level 2.6 Charms


You had 5 spell levels left.
You knew the following spells:

 Your Spells              Type           Power        Failure   Level  Hunger
a - Infusion              Chrm           #...         12%         1    ##.....


Dungeon Overview and Level Annotations

Branches:
Dungeon (2/15)

Altars:

Annotations:
D:2 Ijyb


Innate Abilities, Weirdness & Mutations

Your flesh is cold resistant. (rC+)
You regenerate a little health from kills.


Message History

* * * LOW HITPOINT WARNING * * *
You hit Ijyb.
Ijyb is moderately wounded.
Ijyb closely misses you.
You closely miss Ijyb.
Ijyb is moderately wounded.
Ijyb barely misses you.
You hit Ijyb but do no damage.
Ijyb is moderately wounded.
Ijyb hits you with an enchanted club.
* * * LOW HITPOINT WARNING * * *
Some of the chunks of flesh in your inventory have rotted away.
You hit Ijyb.
Ijyb is heavily wounded.
Ijyb closely misses you.
You closely miss Ijyb.
Ijyb is heavily wounded.
Your magical infusion is running out.
Ijyb hits you with an enchanted club.
You die...

####### ####### #..(..#
......#######.###.######
............#.#.@........
............#.#g#.#######
............'.#...#
............#######
..................#
#####รท......#####.#
#)......# #.......#####..
#####..............


You could see Ijyb.

Vanquished Creatures
  Jessica (D:2)
  A worm (D:2)
  2 dart slugs (D:1)
  A leopard gecko (D:1)
  3 giant cockroaches (D:1)
  A goblin (D:1)
  6 hobgoblins
  7 bats
  4 frilled lizards
  4 kobolds
  3 rats
33 creatures vanquished.

Notes
Turn   | Place    | Note
-------+----------+-------------------------------------------
     0 | D:1      | Alarkh the Demonspawn Skald began the quest for the Orb.
     0 | D:1      | Reached XP level 1. HP: 16/16 MP: 3/3
    80 | D:1      | Reached skill level 2 in Axes
   206 | D:1      | Gained mutation: You regenerate a little health from kills. [demonic ancestry]
   206 | D:1      | Reached XP level 2. HP: 21/22 MP: 1/5
   494 | D:1      | Reached skill level 3 in Axes
   907 | D:2      | Noticed Jessica
   939 | D:2      | Killed Jessica
   939 | D:2      | Gained mutation: Your flesh is cold resistant. (rC+) [demonic ancestry]
   939 | D:2      | Reached XP level 3. HP: 18/27 MP: 0/6
  1182 | D:2      | Noticed Ijyb
  1195 | D:2      | Slain by Ijyb

Skill      XL: |  1  2 |
---------------+-------+-----
Axes           | 2 3 |  3.9
Fighting       | |  2.0
Armour         | |  0.8
Dodging        | |  0.8
Spellcasting   | |  2.0
Charms         | |  2.6

Action                   || total
-------------------------++-------
Melee: Hand axe          ||   126
 Cast: Infusion          ||    16
  Use: Scroll            ||     2
 Stab: Sleeping          ||     1
  Eat: Chunk             ||     1
Armor: Leather armour    ||    42
Dodge: Dodged            ||    70
